 Dungeon Crawl Stone Soup version 0.28-a0-80-g9707f7362f (webtiles) character file.

Game seed: 1739139032463973916

207 Leeroy the Slasher (level 6, -1/43 HPs)
             Began as a Djinni Warper on Aug 5, 2021.
             Was a Follower of the Shining One.
             Shot with a bolt by a kobold brigand (8 damage)
             ... on level 8 of the Dungeon.
             The game lasted 00:05:21 (4022 turns).

Leeroy the Slasher (Djinni Warper)                  Turns: 4022, Time: 00:05:23

Health: -1/43      AC:  5    Str: 10    XL:     6   Next: 11%
Gold:   105        EV: 11    Int: 17    God:    the Shining One [*.....] SH:  0 Dex: 12

rFire   + + .      SeeInvis +   a - +0 falchion
rCold   x . .      Faith    .   (no shield)
rNeg    . . .      Spirit   .   b - +0 leather armour
rPois   ∞          Reflect  .   o - +0 helmet
rElec   .          Harm     .   (no cloak)
rCorr   .          Rampage  .   t - +0 pair of gloves
Will    .....                   (boots unavailable)
Stlth   +.........              (no amulet)
HPRegen 0.14/turn               k - ring of wizardry
MPRegen 0.00/turn               f - ring of see invisible

@: flying, glowing
A: sickness immunity, fire resistance 2, cold vulnerability 1, float, innate
caster, hp casting, extra vitality 1
a: Renounce Religion


You were on level 8 of the Dungeon.
You worshipped the Shining One.
The Shining One was aware of your devotion.
You visited 1 branch of the dungeon, and saw 6 of its levels.

You collected 105 gold pieces.

Inventory:

Hand Weapons
 a - a +0 falchion (weapon)
 r - a +0 spear of flaming
 y - a +0 rapier
Missiles
 d - 5 boomerangs of dispersal
 p - 3 boomerangs
Armour
 b - a +0 leather armour (worn)
 g - a +0 ring mail
 j - a +1 pair of boots
 o - a +0 helmet (worn)
 t - a +0 pair of gloves (worn)
Jewellery
 f - a ring of see invisible (right hand)
 k - a ring of wizardry (left hand)
 s - a ring of protection from cold
Wands
 A - a wand of flame (18)
Scrolls
 c - a scroll of blinking
 e - a scroll of identify {unknown}
 h - a scroll of noise {unknown}
 i - 2 scrolls of magic mapping {unknown}
 l - a scroll of enchant armour {unknown}
 n - a scroll of torment {unknown}
 u - a scroll of teleportation {unknown}
 z - a scroll of amnesia {unknown}
Potions
 m - a potion of might {unknown}
 q - a potion of mutation {unknown}
 v - a potion of haste {unknown}
 w - a potion of curing
 x - a potion of invisibility {unknown}


   Skills:
 - Level 2.0 Fighting
 - Level 4.0 Long Blades
 - Level 0.7 Throwing
 - Level 1.0 Armour
 - Level 2.1 Dodging
 + Level 3.8 Spellcasting


You couldn't memorise any spells.
You knew the following spells:

 Your Spells              Type           Power      Damage    Failure   Level
a - Blink                 Tloc           N/A        N/A       2%          2
b - Lesser Beckoning      Tloc           8%         N/A       6%          3
c - Gell's Gravitas       Tloc           8%         N/A       6%          3
d - Teleport Other        Tloc           16%        N/A       6%          3
e - Manifold Assault      Tloc           16%        N/A       43%         5
f - Magic Dart            Conj           64%        1d6       1%          1
g - Passwall              Tmut/Erth      13%        N/A       2%          2
Your spell library was empty.

Dungeon Overview and Level Annotations

Branches:
Dungeon (8/15)             Temple (0/1) D:7
   Lair: D:8-11

Altars:
The Shining One

Annotations:
D:3 Terence
D:7 Pikel


Innate Abilities, Weirdness & Mutations

You are immune to sickness and miasma.
You are immune to poison.
Your flesh is very heat resistant. (rF++)
You are vulnerable to cold. (rC-)
You float through the air rather than walking.
You learn spells naturally, not from books.
Your magical power is your life essence.
You have superior vitality. (+4 HP)


Message History

The kobold hits you with a +0 dagger.
You hit the kobold.
You kill the kobold!
The kobold brigand shoots a bolt.
The bolt hits you!
You slash the kobold!
You kill the kobold!
The kobold brigand shoots a bolt.
The bolt hits you but does no damage.
The kobold brigand unwields a +0 hand crossbow.
The kobold brigand wields a +0 dagger.
The kobold brigand hits you with a +0 dagger.
Things that are here:
a +0 short sword; a +0 dagger; 5 poisoned darts You hit the kobold brigand.
The kobold brigand is lightly wounded.
The kobold brigand hits you with a +0 dagger.
You are too injured to fight recklessly!
You are too injured to fight recklessly!
You are too injured to fight recklessly!
You hit the kobold brigand.
The kobold brigand is moderately wounded.
The kobold brigand hits you with a +0 dagger.
You hit the kobold brigand.
The kobold brigand is moderately wounded.
The kobold brigand hits you with a +0 dagger.
You hit the kobold brigand.
The kobold brigand is heavily wounded.
The kobold brigand hits you but does no damage.
You hit the kobold brigand.
The kobold brigand is heavily wounded.
The kobold brigand barely misses you.
The kobold brigand hits you with a +0 dagger.
* * * LOW HITPOINT WARNING * * *
Casting: Magic Dart (safe; 1% risk of failure)
Confirm with . or Enter, or press ? or * to list all spells.
You blink.
* * * LOW HITPOINT WARNING * * *
The kobold brigand unwields a +0 dagger.
The kobold brigand wields a +0 hand crossbow.
The kobold brigand shoots a bolt.
The bolt hits you!
You die...

#.........#
#....K)...# #§#
##.#########
#..).......#
#########>.........#
...................#
########...........#
##.....@......#
#.............#
##..############
####.<.# #......#
#..###.## .. #.# ##
# #.# .# #.#


You could see a kobold brigand.

Vanquished Creatures
  A centaur (D:8)
  A centaur zombie (D:8)
  5 adders
  An ufetubus (D:7)
  2 worms
  A dart slug (D:1)
  An orc (D:8)
  4 ball pythons
  2 endoplasms
  A giant cockroach (D:1)
  3 goblins
  3 hobgoblins
  3 quokkas
  2 bats
  2 frilled lizards
  9 kobolds
  2 rats
43 creatures vanquished.

Notes
Turn   | Place    | Note
-------+----------+-------------------------------------------
     0 | D:1      | Leeroy the Djinni Warper began the quest for the Orb.
     0 | D:1      | Reached XP level 1. HP: 18/18 MP: 0/0
   168 | D:1      | Reached skill level 2 in Long Blades
   317 | D:1      | Reached XP level 2. HP: 20/23 MP: 0/0
   640 | D:1      | Got the Incunabulum of the Frigorific Volcanoes
   994 | D:2      | Found a faded altar of an unknown god.
  1107 | D:2      | Became a worshipper of the Shining One
  1107 | D:2      | Reached * piety under the Shining One
  1247 | D:2      | Reached skill level 3 in Long Blades
  1247 | D:2      | Reached XP level 3. HP: 24/28 MP: 0/0
  1247 | D:2      | Learned a level 1 spell: Magic Dart
  1885 | D:3      | Noticed Terence
  2193 | D:3      | Reached XP level 4. HP: 15/33 MP: 0/0
  2452 | D:3      | Reached skill level 4 in Long Blades
  3215 | D:3      | You are sucked into a shaft and drop 2 floors!
  3215 | D:5      | Entered Level 5 of the Dungeon
  3225 | D:5      | Noticed a scorpion
  3257 | D:5      | You are sucked into a shaft and drop 2 floors!
  3448 | D:7      | Noticed a lemure
  3449 | D:7      | Found a staircase to the Ecumenical Temple.
  3451 | D:7      | Noticed a lemure
  3454 | D:7      | Noticed Pikel
  3455 | D:7      | Noticed a lemure
  3456 | D:7      | Noticed a lemure
  3585 | D:8      | Noticed a centaur
  3591 | D:8      | Killed a centaur
  3592 | D:8      | Reached XP level 5. HP: 17/38 MP: 0/0
  3592 | D:8      | Learned a level 2 spell: Passwall
  3804 | D:8      | Reached XP level 6. HP: 41/43 MP: 0/0
  4022 | D:8      | Shot with a bolt by a kobold brigand

Illustrated notes

Levels and vault maps discovered:
D:1:      giann_wishing_wells, layout_basic
D:2:      layout_basic, basic_ecumenical_altar
D:3:      layout_loops_ring, uniq_terence
D:5:      layout_basic, nemelex_diamond_rough_becter, chei_slow_surprise,
          gammafunk_ghost_smash, st_stairs_2, uniq_grinder
D:7:      layout_basic, minmay_temple_entry_gardened_gates, uniq_harold,
          uniq_pikel
D:8:      layout_rooms, nicolae_gozag_cash_rules_everything_around_me

Skill      XL: |  1  2  3  4 |
---------------+-------------+-----
Long Blades    | 2 3 4 |  4.0
Spellcasting   | 3 |  3.8
Fighting       | |  2.0
Throwing       | |  0.7
Armour         | |  1.0
Dodging        | |  2.1

Action                   |  1- 3 |  4- 6 || total
-------------------------+-------+-------++-------
Melee: Falchion          |    79 |    71 ||   150
 Cast: Blink             |     1 |     1 ||     2
       Magic Dart        |       |     4 ||     4
 Stab: Sleeping          |     1 |       ||     1
Armor: Leather armour    |    17 |    26 ||    43
Dodge: Dodged            |    44 |    48 ||    92
       Rpst.: Falchion   |    14 |    18 ||    32

Table legend: (Time is in decaauts)
 A = Elapsed time spent in this place.
 B = Non-inter-level travel time spent in this place.
 C = Inter-level travel time spent in this place.
 D = Time resting spent in this place.
 E = Time spent auto-exploring this place.
 F = Levels seen in this place.
 G = Mean time per level.
                   A        B        C        D        E       F      G
               +--------+--------+--------+--------+--------+-----+--------+
         Total |   4043 |   3893 |    150 |    987 |   2368 |   6 |  673.8 |
       Dungeon |   4043 |   3893 |    150 |    987 |   2368 |   6 |  673.8 |
               +--------+--------+--------+--------+--------+-----+--------+

Top non-repeatable levels by time:
     D:2: 1551 daAuts
     D:1: 916 daAuts
     D:3: 765 daAuts
     D:8: 518 daAuts
     D:7: 249 daAuts
     D:5: 41 daAuts
